TOP OF THE 1ST |
Maui Tropics batting - Pitching for Fresno Deplorables : RHP Dionisio Penni
|
Pitching: RHP Dionisio Penni
|
|
Batting: RHB Matt Silver
|
0-0: Called Strike 0-1: Bunt for hit - play at first, batter OUT! 5-3
|
Batting: LHB Luis Antonio Torres
|
0-0: SINGLE (Line Drive, 7S)
|
Batting: RHB Jesús Espinoza
|
0-0: Foul Ball, location: 2F 0-1: Swinging Strike 0-2: Ball 1-2: Ball 2-2: Ball 3-2: Base on Balls Luis Antonio Torres to second
|
Batting: RHB Luis Alou
|
0-0: Called Strike 0-1: Foul Ball, location: 2F 0-2: Foul Ball, location: 2F 0-2: Foul Ball, location: 2F 0-2: Ball 1-2: Strikes out looking
|
Batting: RHB José Herrera
|
0-0: Fielders Choice at 2nd, 5-4 (Groundball, 56)
|
Top of the 1st over - 0 run(s), 1 hit(s), 0 error(s), 1 left on base; Maui 0 - Fresno 0 |
BOTTOM OF THE 1ST |
Fresno Deplorables batting - Pitching for Maui Tropics : RHP Ronald Cotton
|
Pitching: RHP Ronald Cotton
|
|
Batting: RHB Dani Vázquez
|
0-0: Reached on error, E6 (Groundball, 6)
|
Batting: LHB Paul Mullins
|
0-0: Ball 1-0: Ball 2-0: Ball 3-0: Called Strike 3-1: Base on Balls Dani Vázquez to second
|
Batting: LHB Jeff Daniels
|
0-0: Ball 1-0: Ball 2-0: Ball 3-0: Base on Balls Dani Vázquez to third Paul Mullins to second
|
Batting: LHB Troy Donaldson
|
0-0: Ball 1-0: Called Strike 1-1: Foul Ball, location: 2F 1-2: Strikes out looking
|
Batting: RHB Paco Arellano
|
0-0: Called Strike 0-1: Called Strike 0-2: Strikes out swinging
|
Batting: RHB Manolo Román
|
0-0: Called Strike 0-1: Ball 1-1: Called Strike 1-2: Ball 2-2: Foul Ball, location: 2F 2-2: Ground out 1-3 (Groundball, 13)
|
Bottom of the 1st over - 0 run(s), 0 hit(s), 1 error(s), 3 left on base; Maui 0 - Fresno 0 |
TOP OF THE 2ND |
Maui Tropics batting - Pitching for Fresno Deplorables : RHP Dionisio Penni
|
Batting: LHB José Rivas
|
0-0: Ball 1-0: Ball 2-0: Ball 3-0: Called Strike 3-1: Foul Ball, location: 2F 3-2: Fly out, F8 (Flyball, 8RM)
|
Batting: RHB Ximena Campos
|
0-0: Called Strike 0-1: Foul Ball, location: 2F 0-2: Ball 1-2: Strikes out swinging
|
Batting: RHB José Rodríguez
|
0-0: Ball 1-0: Ball 2-0: Foul Ball, location: 2F 2-1: Ball 3-1: Foul Ball, location: 2F 3-2: Strikes out swinging
|
Top of the 2nd over - 0 run(s), 0 hit(s), 0 error(s), 0 left on base; Maui 0 - Fresno 0 |
BOTTOM OF THE 2ND |
Fresno Deplorables batting - Pitching for Maui Tropics : RHP Ronald Cotton
|
Batting: RHB Aaron Scott
|
0-0: Ball 1-0: Fly out, F9 (Flyball, 9LS)
|
Batting: RHB Germán Rosales
|
0-0: Fly out, F9 (Flyball, 9LSF)
|
Batting: LHB Clinton Clark
|
0-0: Ball 1-0: Swinging Strike 1-1: Ball 2-1: Foul Ball, location: 2F 2-2: Foul Ball, location: 2F 2-2: SINGLE (Line Drive, 6D)
|
Batting: RHB Dani Vázquez
|
0-0: Swinging Strike 0-1: Foul Ball, location: 2F 0-2: Ball 1-2: Fly out, F9 (Flyball, 9LM)
|
Bottom of the 2nd over - 0 run(s), 1 hit(s), 0 error(s), 1 left on base; Maui 0 - Fresno 0 |
TOP OF THE 3RD |
Maui Tropics batting - Pitching for Fresno Deplorables : RHP Dionisio Penni
|
Batting: RHB John Brown
|
0-0: Ball 1-0: Ground out 5-3 (Groundball, 56)
|
Batting: RHB Matt Silver
|
0-0: Ball 1-0: Foul Ball, location: 2F 1-1: SINGLE (Groundball, 6S) (infield hit)
|
Batting: LHB Luis Antonio Torres
|
0-0: Swinging Strike 0-1: Ball Matt Silver steals 2nd base 1-1: Swinging Strike 1-2: Strikes out swinging
|
Batting: RHB Jesús Espinoza
|
0-0: SINGLE (Line Drive, 4MD) Matt Silver to third
|
Batting: RHB Luis Alou
|
0-0: Called Strike 0-1: Ground out 6-3 (Groundball, 6M)
|
Top of the 3rd over - 0 run(s), 2 hit(s), 0 error(s), 2 left on base; Maui 0 - Fresno 0 |
BOTTOM OF THE 3RD |
Fresno Deplorables batting - Pitching for Maui Tropics : RHP Ronald Cotton
|
Batting: LHB Paul Mullins
|
0-0: Called Strike 0-1: Called Strike 0-2: SINGLE (Groundball, 6D)
|
Batting: LHB Jeff Daniels
|
0-0: Ball 1-0: Reached on error, E4 (Groundball, 4) Paul Mullins to second
|
Batting: LHB Troy Donaldson
|
0-0: Called Strike 0-1: Ball 1-1: 3-RUN HOME RUN (Flyball, 8RXD), Distance : 393 ft
|
Batting: RHB Paco Arellano
|
0-0: Foul Ball, location: 2F 0-1: Called Strike 0-2: Ball 1-2: Fly out, F8 (Flyball, 78S)
|
Batting: RHB Manolo Román
|
0-0: Ball 1-0: SINGLE (Flyball, 78S)
|
Batting: RHB Aaron Scott
|
0-0: Ball 1-0: Ball 2-0: Called Strike 2-1: Foul Ball, location: 2F 2-2: Foul Ball, location: 2F 2-2: Ball 3-2: SINGLE (Groundball, 4MD) Manolo Román to second
|
Batting: RHB Germán Rosales
|
0-0: Foul Ball, location: 2F 0-1: Grounds into double play, 1-4-3 (Groundball, 15S)
|
Bottom of the 3rd over - 3 run(s), 4 hit(s), 1 error(s), 1 left on base; Maui 0 - Fresno 3 |
TOP OF THE 4TH |
Maui Tropics batting - Pitching for Fresno Deplorables : RHP Dionisio Penni
|
Batting: RHB José Herrera
|
0-0: Ball 1-0: Ball 2-0: Ground out 6-3 (Groundball, 6)
|
Batting: LHB José Rivas
|
0-0: Ball 1-0: Called Strike 1-1: Ball 2-1: Ball 3-1: Foul Ball, location: 2F 3-2: Base on Balls
|
Batting: RHB Ximena Campos
|
0-0: Swinging Strike 0-1: Called Strike 0-2: Strikes out swinging
|
Batting: RHB José Rodríguez
|
0-0: Ball 1-0: Ball 2-0: Called Strike 2-1: Swinging Strike 2-2: Foul Ball, location: 2F 2-2: Ball 3-2: Strikes out looking
|
Top of the 4th over - 0 run(s), 0 hit(s), 0 error(s), 1 left on base; Maui 0 - Fresno 3 |
BOTTOM OF THE 4TH |
Fresno Deplorables batting - Pitching for Maui Tropics : RHP Ronald Cotton
|
Batting: LHB Clinton Clark
|
0-0: Ground out U3 (Groundball, 3)
|
Batting: RHB Dani Vázquez
|
0-0: Fly out, F8 (Flyball, 8RM)
|
Batting: LHB Paul Mullins
|
0-0: Foul Ball, location: 2F 0-1: Ball 1-1: Foul Ball, location: 2F 1-2: Ball 2-2: Ball 3-2: Foul Ball, location: 2F 3-2: Fly out, F4 (Popup, 34)
|
Bottom of the 4th over - 0 run(s), 0 hit(s), 0 error(s), 0 left on base; Maui 0 - Fresno 3 |
TOP OF THE 5TH |
Maui Tropics batting - Pitching for Fresno Deplorables : RHP Dionisio Penni
|
Batting: RHB John Brown
|
0-0: Foul Ball, location: 2F 0-1: Ball 1-1: Ball 2-1: Foul Ball, location: 2F 2-2: Fly out, F9 (Flyball, 9LSF)
|
Batting: RHB Matt Silver
|
0-0: Called Strike 0-1: Ball 1-1: Foul Ball, location: 2F 1-2: Strikes out swinging
|
Batting: LHB Luis Antonio Torres
|
0-0: Fly out, F4 (Popup, 4)
|
Top of the 5th over - 0 run(s), 0 hit(s), 0 error(s), 0 left on base; Maui 0 - Fresno 3 |
BOTTOM OF THE 5TH |
Fresno Deplorables batting - Pitching for Maui Tropics : RHP Ronald Cotton
|
Batting: LHB Jeff Daniels
|
0-0: DOUBLE (Line Drive, 9LM)
|
Batting: LHB Troy Donaldson
|
0-0: Called Strike 0-1: Called Strike 0-2: Ball 1-2: Ball 2-2: Foul Ball, location: 2F 2-2: Ball 3-2: Ground out 6-3 (Groundball, 6)
|
Batting: RHB Paco Arellano
|
0-0: Swinging Strike 0-1: Fly out, F5 (Popup, 56)
|
Batting: RHB Manolo Román
|
0-0: Ball 1-0: Foul Ball, location: 2F 1-1: Ball 2-1: Ball 3-1: Called Strike 3-2: Base on Balls
|
Batting: RHB Aaron Scott
|
0-0: Fly out, F9 (Flyball, 9LS)
|
Bottom of the 5th over - 0 run(s), 1 hit(s), 0 error(s), 2 left on base; Maui 0 - Fresno 3 |
TOP OF THE 6TH |
Maui Tropics batting - Pitching for Fresno Deplorables : RHP Dionisio Penni
|
Batting: RHB Jesús Espinoza
|
0-0: Ball 1-0: Ball 2-0: Ball 3-0: Called Strike 3-1: Foul Ball, location: 2F 3-2: Foul Ball, location: 2F 3-2: Ground out 5-3 (Groundball, 56S)
|
Batting: RHB Luis Alou
|
0-0: Fly out, F2 (Popup, 2L)
|
Batting: RHB José Herrera
|
0-0: Ball 1-0: Ball 2-0: Called Strike 2-1: Ball 3-1: SINGLE (Groundball, 4D)
|
Batting: LHB José Rivas
|
0-0: Called Strike 0-1: Called Strike 0-2: Ball 1-2: Ball 2-2: Ball 3-2: Foul Ball, location: 2F 3-2: Strikes out swinging
|
Top of the 6th over - 0 run(s), 1 hit(s), 0 error(s), 1 left on base; Maui 0 - Fresno 3 |
BOTTOM OF THE 6TH |
Fresno Deplorables batting - Pitching for Maui Tropics : RHP Ronald Cotton
|
Batting: RHB Germán Rosales
|
0-0: Ball 1-0: Ground out 5-3 (Groundball, 5L)
|
Batting: LHB Clinton Clark
|
0-0: Called Strike 0-1: Foul Ball, location: 2F 0-2: Strikes out swinging
|
Batting: RHB Dani Vázquez
|
0-0: Foul Ball, location: 2F 0-1: Called Strike 0-2: Foul Ball, location: 2F 0-2: Foul Ball, location: 2F 0-2: Foul Ball, location: 2F 0-2: SINGLE (Groundball, 4MD)
|
Batting: LHB Paul Mullins
|
0-0: Ball Dani Vázquez steals 2nd base 1-0: Called Strike 1-1: Fly out, F6 (Line Drive, 6)
|
Bottom of the 6th over - 0 run(s), 1 hit(s), 0 error(s), 1 left on base; Maui 0 - Fresno 3 |
TOP OF THE 7TH |
Maui Tropics batting - Pitching for Fresno Deplorables : RHP Dionisio Penni
|
Batting: RHB Ximena Campos
|
0-0: Ball 1-0: Called Strike 1-1: Ball 2-1: Reached on error, E6 (Groundball, 6)
|
Batting: RHB José Rodríguez
|
0-0: Ball 1-0: Called Strike 1-1: Ball 2-1: Ball 3-1: Foul Ball, location: 2F 3-2: Strikes out swinging
|
Batting: RHB John Brown
|
0-0: Grounds into double play, 5-4-3 (Groundball, 5)
|
Top of the 7th over - 0 run(s), 0 hit(s), 1 error(s), 0 left on base; Maui 0 - Fresno 3 |
BOTTOM OF THE 7TH |
Fresno Deplorables batting - Pitching for Maui Tropics : RHP Ronald Cotton
|
Batting: LHB Jeff Daniels
|
0-0: Ground out U3 (Groundball, 3)
|
Batting: LHB Troy Donaldson
|
0-0: Foul Ball, location: 2F 0-1: Called Strike 0-2: Foul Ball, location: 2F 0-2: Ball 1-2: Foul Ball, location: 2F 1-2: Ball 2-2: Fly out, F8 (Flyball, 8LS)
|
Batting: RHB Paco Arellano
|
0-0: Foul Ball, location: 2F 0-1: Swinging Strike 0-2: SINGLE (Line Drive, 9S)
|
Batting: RHB Manolo Román
|
0-0: SINGLE (Groundball, 56D) Paco Arellano to second
|
Batting: RHB Aaron Scott
|
0-0: Ball 1-0: Fly out, F9 (Flyball, 9S)
|
Bottom of the 7th over - 0 run(s), 2 hit(s), 0 error(s), 2 left on base; Maui 0 - Fresno 3 |
TOP OF THE 8TH |
Maui Tropics batting - Pitching for Fresno Deplorables : RHP Dionisio Penni
|
Batting: RHB Matt Silver
|
0-0: Called Strike 0-1: Ball 1-1: Ground out 5-3 (Groundball, 56)
|
Batting: LHB Luis Antonio Torres
|
0-0: Called Strike 0-1: Ball 1-1: Ball 2-1: Ball 3-1: Base on Balls
|
Pitching: RHP César Menéndez
|
|
Batting: RHB Jesús Espinoza
|
0-0: Ball 1-0: Foul Ball, location: 2F 1-1: Ball 2-1: SINGLE (Groundball, 5D) Luis Antonio Torres to second
|
Batting: RHB Luis Alou
|
0-0: Swinging Strike 0-1: Called Strike 0-2: Ball 1-2: Ball 2-2: Strikes out swinging
|
Batting: RHB José Herrera
|
0-0: Foul Ball, location: 2F 0-1: Fielders Choice at 2nd, 6-4 (Groundball, 6)
|
Top of the 8th over - 0 run(s), 1 hit(s), 0 error(s), 1 left on base; Maui 0 - Fresno 3 |
BOTTOM OF THE 8TH |
Fresno Deplorables batting - Pitching for Maui Tropics : RHP Ronald Cotton
|
Pitching: RHP Yong-taek Yi
|
|
Batting: RHB Germán Rosales
|
0-0: Ball 1-0: Foul Ball, location: 2F 1-1: Called Strike 1-2: Foul Ball, location: 2F 1-2: SINGLE (Line Drive, 89S)
|
Batting: LHB Clinton Clark
|
0-0: Bunted foul 0-1: Bunted foul 0-2: Foul Ball, location: 2F 0-2: Ball 1-2: Foul Ball, location: 2F 1-2: Strikes out looking
|
Batting: RHB Dani Vázquez
|
0-0: Ball 1-0: Foul Ball, location: 2F 1-1: Foul Ball, location: 2F 1-2: SINGLE (Groundball, 34D) Germán Rosales to second Runner from 2nd tries for 3rd, OUT!
|
Batting: LHB Paul Mullins
|
0-0: Foul Ball, location: 2F 0-1: Called Strike 0-2: Ball 1-2: Ball 2-2: Strikes out swinging
|
Bottom of the 8th over - 0 run(s), 2 hit(s), 0 error(s), 1 left on base; Maui 0 - Fresno 3 |
TOP OF THE 9TH |
Maui Tropics batting - Pitching for Fresno Deplorables : RHP César Menéndez
|
Pitching: LHP Valentín Reséndez
|
|
Batting: LHB José Rivas
|
0-0: Swinging Strike 0-1: Called Strike 0-2: Ball 1-2: Strikes out swinging
|
Batting: RHB Ximena Campos
|
0-0: Fly out, F9 (Flyball, 89M)
|
Batting: RHB José Rodríguez
|
0-0: Ball 1-0: Ball 2-0: Ball 3-0: Base on Balls
|
Batting: RHB John Brown
|
0-0: Called Strike 0-1: Foul Ball, location: 2F 0-2: Ball 1-2: Foul Ball, location: 2F 1-2: Foul Ball, location: 2F 1-2: Ball 2-2: Ground out 5-3 (Groundball, 25)
|
Top of the 9th over - 0 run(s), 0 hit(s), 0 error(s), 1 left on base; Maui 0 - Fresno 3 |
|